[ AOE2 MATCH · #479213537 ]
UnrankedMapuche vs Shu
[ REPLAY ANALYSIS · EXTRACTED FROM THE RECORDED GAME ]
Feudal
—
Castle
—
Imperial
—
| APM avg | 38.2 |
| APM peak | 47 |
| eAPM avg | 14.0 |
| Villagers / military | 6 / 0 |
Focus
⚔️ 18.2% · 🌾 81.8%
Feudal
—
Castle
—
Imperial
—
| APM avg | 79.0 |
| APM peak | 79 |
| eAPM avg | 23.1 |
| Villagers / military | 6 / 0 |
Focus
⚔️ 41.9% · 🌾 58.1%
Feudal
—
Castle
—
Imperial
—
| APM avg | 61.3 |
| APM peak | 64 |
| eAPM avg | 14.5 |
| Villagers / military | 6 / 0 |
Focus
⚔️ 0.0% · 🌾 100.0%
Feudal
—
Castle
—
Imperial
—
| APM avg | 93.0 |
| APM peak | 112 |
| eAPM avg | 61.3 |
| Villagers / military | 5 / 0 |
Focus
⚔️ 82.3% · 🌾 17.7%
Match map
Initial resources + every placement click. Lines = walls · curves = elevation contours. ◆ gold · ⬟ stone · ● berries · ✦ relic · ◌ wall gap
Your base
minecart114514's base
FLAKOSKY's base
三千哈基终有恨's base
Smoothed initial terrain · ◌ = detected wall gap · hover for details
Inputs per minute
— MALTA CON CANELITA - - minecart114514
Build order — MALTA CON CANELITA
9 actions detected in the replay
| 0:01 | Create | Villager (Male) |
| 0:02 | Create | Villager (Male) |
| 0:02 | Create | Villager (Male) |
| 0:02 | Create | Villager (Male) |
| 0:02 | Create | Villager (Male) |
| 0:04 | Build | House |
| 0:26 | Build | House |
| 1:06 | Build | Settlement |
| 1:33 | Create | Villager (Male) |
Build order — minecart114514
8 actions detected in the replay
| 0:00 | Create | Villager (Male) |
| 0:01 | Create | Villager (Male) |
| 0:01 | Create | Villager (Male) |
| 0:01 | Create | Villager (Male) |
| 0:02 | Create | Villager (Male) |
| 0:03 | Build | House |
| 0:04 | Build | House |
| 1:16 | Create | Villager (Male) |
Build order — FLAKOSKY
10 actions detected in the replay
| 0:01 | Create | Villager (Male) |
| 0:01 | Create | Villager (Male) |
| 0:01 | Create | Villager (Male) |
| 0:01 | Create | Villager (Male) |
| 0:03 | Build | House |
| 0:04 | Build | House |
| 1:33 | Create | Villager (Male) |
| 1:40 | Build | House |
| 1:43 | Build | Lumber Camp |
| 1:44 | Create | Villager (Male) |
Build order — 三千哈基终有恨
10 actions detected in the replay
| 0:01 | Research | Loom |
| 0:01 | Research | Loom |
| 0:01 | Research | Loom |
| 0:02 | Research | Loom |
| 0:02 | Research | Loom |
| 0:50 | Create | Villager (Male) |
| 0:51 | Create | Villager (Male) |
| 0:51 | Create | Villager (Male) |
| 0:51 | Create | Villager (Male) |
| 1:36 | Create | Villager (Male) |
Match timeline
| 1:46 | 三千哈基终有恨 · resign |
[ AI ANALYSIS · 1 CREDIT ]
What really happened in this match?
Wolo.gg analyzes every decision: build order, eco, micro, common mistakes by bracket. Personalized analysis on WhatsApp or Discord in 30 seconds.
Civ guide
Mapuche
Perfil
Jugador #21755954